 Dungeon Crawl Stone Soup version 0.31-a0-234-gad7ace16ef (webtiles) character file.

Game seed: 15431649055068012083

63 Ijustatesigmund the Stinger (level 4, -5/28 HPs)
             Began as an Octopode Venom Mage on July 10, 2023.
             Slain by Terence
             ... wielding a +0 mace
              (8 damage)
             ... on level 2 of the Dungeon.
             The game lasted 00:02:40 (1480 turns).

Ijustatesigmund the Stinger (Octopode Venom Mage)   Turns: 1480, Time: 00:02:41

Health: -5/28      AC:  1    Str:  7    XL:     4   Next: 10%
Magic:  4/7        EV: 13    Int: 19    God:
Gold:   49         SH:  0    Dex: 12    Spells: 2/8 levels left

rFire   . . .        e - +1 dagger (vamp)
rCold   . . .        (no shield)
rNeg    . . .        (helmet restricted)
rPois   .            (no amulet)
rElec   .            (no ring)
rCorr   .            (no ring)
SInv    .            (no ring)
Will    .....        (no ring)
Stlth   +++          (no ring)
HPRegen 0.24/turn    (no ring)
MPRegen 0.10/turn    (no ring)
                     (no ring)

%: no passive effects
@: brilliant
A: almost no armour, amphibious, 8 rings, camouflage 1, gelatinous body 1,
(nimble swimmer 1), tentacles
a: no special abilities


You were on level 2 of the Dungeon.
You visited 1 branch of the dungeon, and saw 2 of its levels.

You collected 49 gold pieces.

Inventory:

Hand Weapons
 e - a +1 vampiric dagger (weapon)
Potions
 a - a potion of magic


   Skills:
 + Level 1.5 Fighting
 - Level 2.0 Dodging
 - Level 2.6 Stealth
 + Level 2.6 Spellcasting
 + Level 0.7 Conjurations
 - Level 1.0 Transmutations
 + Level 1.2 Air Magic
 + Level 4.2 Poison Magic


You had 2 spell levels left.
You knew the following spells:

 Your Spells              Type           Power      Damage    Failure   Level
a - Sting                 Tmut/Pois      72%        1d6       5%          1
b - Poisonous Vapours     Pois/Air       38%        N/A       8%          2
c - Mephitic Cloud        Conj/Pois/Air  15%        N/A       21%         3

Your spell library contained the following spells:

 Spells                   Type           Power      Damage    Failure   Level
 Olgreb's Toxic Radiance  Pois           27%        N/A       28%         4


Dungeon Overview and Level Annotations

Branches:
Dungeon (2/15)

Altars:

Annotations:
D:2 Terence


Innate Abilities, Weirdness & Mutations

You cannot wear most types of armour.
You are amphibious.
You can wear up to eight rings at the same time.
Your skin changes colour to match your surroundings (Stealth+).
Your rubbery body absorbs attacks. (AC +1, EV +1)
((You are camouflaged when in or above water. (Stealth+)))
You have tentacles for arms and can constrict up to eight enemies at once.


Message History

You constrict Terence, but do no damage.
Terence hits you with a +0 mace.
Casting: Sting (safe; 5% risk of failure)
Confirm with . or Enter, or press ? or * to list all spells.
Aiming: Sting (safe; 5% risk of failure)
Press: ? - help, Shift-Dir - straight line, f/p - Terence
Aim: Terence, wielding a +0 mace and wearing a +1 scale mail of poison resistance (moderately wounded, constricted by you, 100% to hit)
The sting hits Terence but does no damage.
Terence is poisoned.
Terence is moderately wounded.
You constrict Terence. Terence barely misses you.
Okay, then.
It was a potion of brilliance.
You feel clever all of a sudden.
You constrict Terence, but do no damage.
Terence misses you.
You hit Terence but do no damage.
Terence is heavily wounded.
You constrict Terence, but do no damage.
Terence barely misses you.
You hit Terence but do no damage.
Terence is heavily wounded.
You constrict Terence. Terence hits you with a +0 mace.
* * * LOW HITPOINT WARNING * * *
Casting: Sting (safe; 5% risk of failure)
Confirm with . or Enter, or press ? or * to list all spells.
Aiming: Sting (safe; 5% risk of failure)
Press: ? - help, Shift-Dir - straight line, f/p - Terence
Aim: Terence, wielding a +0 mace and wearing a +1 scale mail of poison resistance (heavily wounded, constricted by you, poisoned, 100% to hit)
You feel a surge of power!
The sting hits Terence but does no damage.
Terence looks even sicker.
Terence is heavily wounded.
You constrict Terence. Terence hits you with a +0 mace.
* * * LOW HITPOINT WARNING * * *
You hit Terence but do no damage.
Terence is severely wounded.
You constrict Terence, but do no damage.
Terence hits you with a +0 mace!
You die...

...#..... #....... ..
###......## .
.........#.# ##
#.......#. ...
#........ ....
#.....#.## ..$..
#..†..#..####......
......#.#.....@@......
#######.#.##...#.#####
#...#.#..........
#.###.#.###...... #.#
#.#. #...### .######.#
#.#. ..... ......#.#
#.#. ##.#. .......†#
#.#. .# .####.##### ##
#


You could see Terence (very poisoned).

Vanquished Creatures
  3 gnolls (D:2)
  A worm (D:2)
  A dart slug (D:1)
  4 ball pythons (D:1)
  2 giant cockroaches (D:1)
  3 goblins (D:1)
  3 hobgoblins
  4 kobolds
  3 quokkas
  2 bats (D:1)
  2 frilled lizards
  A rat (D:1)
29 creatures vanquished.

Notes
Turn   | Place    | Note
-------+----------+-------------------------------------------
     0 | D:1      | Ijustatesigmund the Octopode Venom Mage began the quest for
                  | the Orb.
     0 | D:1      | Reached XP level 1. HP: 11/11 MP: 3/3
   338 | D:1      | Reached XP level 2. HP: 18/18 MP: 3/5
   341 | D:1      | Learned a level 2 spell: Poisonous Vapours
   673 | D:1      | Reached skill level 1 in Fighting
   865 | D:1      | Reached skill level 4 in Poison Magic
  1018 | D:1      | Reached XP level 3. HP: 20/23 MP: 3/6
  1022 | D:1      | Learned a level 3 spell: Mephitic Cloud
  1199 | D:2      | Reached skill level 1 in Air Magic
  1207 | D:2      | Reached XP level 4. HP: 17/28 MP: 1/7
  1463 | D:2      | Noticed Terence
  1480 | D:2      | Slain by Terence

Illustrated notes

Levels and vault maps discovered:
D:1:      dpeg_arrival_concentric_ovals, layout_loops_ring,
          hangedman_abyss_or_decor_lesser_grid, minmay_splitting_lines
D:2:      layout_basic, kennysheep_generic_room_14, uniq_terence

Skill      XL: |  1  2  3 |
---------------+----------+-----
Fighting       | 1 |  1.5
Poison Magic   | 4 |  4.2
Air Magic      | 1 |  1.2
Dodging        | |  2.0
Stealth        | |  2.6
Spellcasting   | |  2.6
Conjurations   | |  0.7
Transmutations | |  1.0

Action                     |  1- 3 |  4- 6 || total
---------------------------+-------+-------++-------
  Melee: Unarmed           |    29 |       ||    29
         Constrict         |    17 |     3 ||    20
         Tentacles         |    11 |     3 ||    14
         Dagger            |    25 |    15 ||    40
   Cast: Sting             |     7 |     5 ||    12
         Poisonous Vapours |    13 |     3 ||    16
    Use: Scroll            |     3 |       ||     3
         Potion            |     1 |     1 ||     2
   Stab: Sleeping          |       |     1 ||     1
 Armour: Skin              |     1 |       ||     1
  Dodge: Dodged            |    39 |     7 ||    46

Table legend: (Time is in decaauts)
 A = Elapsed time spent in this place.
 B = Non-inter-level travel time spent in this place.
 C = Inter-level travel time spent in this place.
 D = Time resting spent in this place.
 E = Time spent auto-exploring this place.
 F = Levels seen in this place.
 G = Mean time per level.
                   A        B        C        D        E       F      G
               +--------+--------+--------+--------+--------+-----+--------+
         Total |   1479 |   1472 |      7 |    414 |    841 |   2 |  739.5 |
       Dungeon |   1479 |   1472 |      7 |    414 |    841 |   2 |  739.5 |
               +--------+--------+--------+--------+--------+-----+--------+

Top non-repeatable levels by time:
     D:1: 1146 daAuts
     D:2: 332 daAuts
